 Dungeon Crawl Stone Soup version 0.23.2-1-ga50397a (webtiles) character file.

Game seed: 5145156210960197810

26 diana the Slasher (level 2, -8/23 HPs)
             Began as a Demonspawn Gladiator on May 3, 2019.
             Killed by nerve-wracking pain
             ... invoked by Jessica
              (13 damage)
             ... on level 2 of the Dungeon.
             The game lasted 00:01:24 (1474 turns).

diana the Slasher (Demonspawn Gladiator)            Turns: 1474, Time: 00:01:25

Health: -8/23      AC:  4    Str: 14    XL:     2   Next: 89%
Magic:  2/2        EV: 13    Int:  9    God:
Gold:   80         SH:  0    Dex: 14    Spells: 1/1 levels left

rFire    x . .     SeeInvis .   a - +0 long sword
rCold    + . .     Gourm    .   (no shield)
rNeg     . . .     Faith    .   b - +0 leather armour
rPois    .         Spirit   .   c - +0 helmet
rElec    .         Reflect  .   (no cloak)
rCorr    .         Harm     .   (no gloves)
MR       .....                  (no boots)
Stlth    +.........             (no amulet)
HPRegen  0.07/turn              i - ring of ice
MPRegen  0.08/turn              (no ring)

@: no status effects
A: sturdy frame 1
a: no special abilities


You were on level 2 of the Dungeon.
You were not hungry.

You visited 1 branch of the dungeon, and saw 2 of its levels.

You collected 80 gold pieces.

Inventory:

Hand Weapons
 a - a +0 long sword (weapon)
Missiles
 d - 3 throwing nets (quivered)
Armour
 b - a +0 leather armour (worn)
 c - a +0 helmet (worn)
 g - a +2 hat
Jewellery
 i - a ring of ice (left hand)
Wands
 p - a wand of iceblast (8)
 r - a wand of acid (6)
Scrolls
 e - a scroll of immolation {unknown}
 h - a scroll of amnesia {unknown}
 j - 5 scrolls of identify {unknown}
 k - a scroll of blinking {unknown}
Potions
 l - a potion of heal wounds {unknown}
 m - 2 potions of curing {unknown}
 n - a potion of cancellation {unknown}
 o - a potion of might {unknown}
 q - a potion of flight {unknown}
Comestibles
 f - 3 rations


   Skills:
 + Level 2.3 Fighting
 + Level 2.9 Long Blades
 - Level 1.7 Throwing
 * Level 1.3 Armour
 + Level 2.9 Dodging


You had one spell level left.
You didn't know any spells.
Your spell library was empty.

Dungeon Overview and Level Annotations

Branches:
Dungeon (2/15)

Altars:

Annotations:
D:2 1 runed translucent door, Crazy Yiuf, Jessica


Innate Abilities, Weirdness & Mutations

Your movements are slightly less encumbered by armour. (ER -2)


Message History

The worm bites you.
* * * LOW HITPOINT WARNING * * *
You hit the worm.
The worm is severely wounded.
You hit the worm but do no damage.
The worm is severely wounded.
The worm closely misses you.
Things that are here:
a wand of acid (6); 7 gold pieces
r - a wand of acid (6)
You now have 80 gold pieces (gained 7).
Found a dagger.
Found a scroll labeled JUUXZAFARAUT.
j - 5 scrolls labeled JUUXZAFARAUT (gained 1) Jessica the Apprentice Sorceress comes into view.
She is wielding a +0 dagger and wearing a +2 robe of fire resistance.
Jessica shouts!
Jessica points at you and mumbles some strange words.
Pain shoots through your body!
Ouch! That really hurt!
You die...

# #.......# #
###.......# #
......@...# ###
.....@..... ..##
.?.......####..#
..............#
##..##..##.).#
#....####..# . .
##.@## ##..# ....
#..# ##...#
#....###..###...##
#........w.#.#
#.......รท..#.#
#...###..###...# #
#.. #..# ##..# #.
##..## #.# . #
##....## .#


You could see Jessica.

Vanquished Creatures
  A worm (D:2)
  2 dart slugs (D:1)
  2 leopard geckos
  3 bats (D:1)
  2 giant cockroaches
  A goblin (D:2)
  2 hobgoblins (D:1)
  2 frilled lizards (D:2)
  A kobold (D:1)
  2 rats (D:2)
  A bush (D:1)
19 creatures vanquished.

Notes
Turn   | Place    | Note
-------+----------+-------------------------------------------
     0 | D:1      | diana the Demonspawn Gladiator began the quest for the Orb.
     0 | D:1      | Reached XP level 1. HP: 16/16 MP: 1/1
   154 | D:1      | Gained mutation: Your movements are slightly less
                  | encumbered by armour. (ER -2) [demonic ancestry]
   154 | D:1      | Reached XP level 2. HP: 13/22 MP: 2/2
   472 | D:1      | Reached skill level 1 in Armour
  1263 | D:2      | Found a runed translucent door.
  1264 | D:2      | Noticed Crazy Yiuf
  1470 | D:2      | Noticed Jessica
  1474 | D:2      | Killed from afar by Jessica

Skill      XL: |  1  2 |
---------------+-------+-----
Armour         | 1 |  1.3
Fighting       | |  2.3
Long Blades    | |  2.9
Throwing       | |  1.7
Dodging        | |  2.9

Action                   || total
-------------------------++-------
Melee: Long sword        ||   169
 Stab: Sleeping          ||     2
  Eat: Chunk             ||     2
Armor: Leather armour    ||    18
Dodge: Dodged            ||    33
       Rpst.: Long sword ||    11
